 Dungeon Crawl Stone Soup version 0.31.0-12-g77e489cdc1 (webtiles) character file.

Game seed: 6096197875492954070

1243 Doomgape the Shield-Bearer (level 8, -4/52 HPs)
             Began as a Gargoyle Fighter on Feb 14, 2024.
             Slain by Duvessa
             ... wielding a +0 short sword
              (12 damage)
             ... on level 5 of the Dungeon.
             The game lasted 00:08:07 (4519 turns).

Doomgape the Shield-Bearer (Gargoyle Fighter)       Turns: 4519, Time: 00:08:07

Health: -4/52      AC: 18    Str: 22    XL:     8   Next: 50%
Magic:  8/8        EV:  6    Int:  9    God:
Gold:   241        SH:  5    Dex:  9    Spells: 7/7 levels left

rFire   . . .        a - +0 flail (spect)
rCold   . . .        c - +0 buckler
rNeg    + . .        e - +0 plate armour
rPois   ∞            (no helmet)
rElec   +            (no cloak)
rCorr   .            (no gloves)
SInv    +            (no boots)
Will    .....        (no amulet) Stlth
                     f - ring of see invisible
HPRegen 0.28/turn    (no ring)
MPRegen 0.11/turn

%: no passive effects
@: no status effects
A: sickness immunity, AC +5, negative energy resistance 1, electricity
resistance, torment resistance 1, petrification resistance
a: no special abilities


You were on level 5 of the Dungeon.
You visited 2 branches of the dungeon, and saw 6 of its levels.

You collected 241 gold pieces.

Inventory:

Hand Weapons
 a - a +0 spectral flail (weapon)
Armour
 c - a +0 buckler (worn)
 e - a +0 plate armour (worn)
Jewellery
 f - a ring of see invisible (left hand)
 m - a ring of positive energy
Wands
 b - a wand of digging (1)
 g - a wand of acid (5)
Scrolls
 i - 5 scrolls of identify
 n - 2 scrolls of fear {unknown}
 o - 3 scrolls of teleportation
 p - a scroll of enchant armour {unknown}
 q - a scroll of noise {unknown}
Potions
 d - a potion of might
 h - a potion of curing {unknown}
 j - a potion of haste {unknown}
 k - 3 potions of magic {unknown}
 l - 2 potions of attraction


   Skills:
 + Level 6.3 Fighting
 + Level 5.2 Maces & Flails
 + Level 6.3 Armour
 + Level 6.4 Shields


You had 7 spell levels left.
You didn't know any spells.
Your spell library was empty.

Dungeon Overview and Level Annotations

Branches:
Dungeon (5/15)             Temple (1/1) D:4

Altars:
Cheibriados
Dithmenos
Fedhas
Gozag
Hepliaklqana
Qazlal
Trog
Xom
Yredelemnul
Zin
The Shining One

Annotations:
D:5 Duvessa


Innate Abilities, Weirdness & Mutations

You are immune to sickness and miasma.
Your stone body is resilient. (AC +5)
You are immune to poison.
You resist negative energy. (rN+)
You are resistant to electric shocks. (rElec)
You are resistant to unholy torment.
You are immune to petrification.


Message History

The ogre is almost dead.
Your +0 spectral flail hits the ogre.
Duvessa completely misses your +0 spectral flail.
Dowan zaps a wand.
The puff of flame misses you.
You hit the ogre.
The ogre is almost dead.
Your +0 spectral flail barely misses the ogre.
The ogre hits you with a +0 giant club! Duvessa hits you but does no damage.
You sock the ogre!
You kill the ogre!
Your +0 spectral flail disappears.
Duvessa barely misses you.
You closely miss Dowan.
Your +0 spectral flail closely misses Dowan.
Duvessa hits you but does no damage. You block Dowan's attack.
Duvessa barely misses you.
You sock Dowan!
Dowan is severely wounded.
Your +0 spectral flail hits Dowan!
You kill Dowan!
Duvessa screams in rage.
Duvessa goes berserk!
Duvessa hits you with a +0 short sword! Duvessa hits you but does no damage.
You hit Duvessa but do no damage.
Your +0 spectral flail barely misses Duvessa.
Duvessa hits you with a +0 short sword!
* * * LOW HITPOINT WARNING * * *
Duvessa hits you but does no damage.
Unknown command.
You hit Duvessa.
Duvessa is lightly wounded.
Your +0 spectral flail hits Duvessa.
Duvessa hits your +0 spectral flail with a +0 short sword!
Your spectral weapon shares its damage with you!
* * * LOW HITPOINT WARNING * * *
Unknown command.
You hit Duvessa but do no damage.
Duvessa is lightly wounded.
Your +0 spectral flail hits Duvessa.
Duvessa hits you with a +0 short sword!
You die...

##..........#
##...........# ####..
##.†######.######.....#
##..#######..........[$.
...###..................
.......###..........$...
...##### #.......(......
..## #......)e......
.(.## #......@)......
....# #...[..........
....# #............?.
....# ##.............
....# ##............
..>.#### ####.........
.......# .?####..##
.......# . ..# .####..
.. .......# .. .##...#
..#


You could see Duvessa (berserk, fast) and a friendly +0 spectral flail.

Vanquished Creatures
  Pikel (D:4)
  An ogre (D:5)
  A phantom (D:4)
  Dowan (D:5)
  4 bombardier beetles (D:4)
  4 crimson imps (D:4)
  An orc priest (D:4)
  A hound (D:5)
  Jessica (D:2)
  An iguana (D:4)
  2 orc wizards
  7 adders
  3 dart slugs (D:1)
  A ribbon worm (D:2)
  10 orcs
  7 ball pythons
  6 endoplasms
  2 giant cockroaches (D:4)
  4 goblins
  15 hobgoblins
  5 jackals (D:4)
  2 quokkas
  9 bats
  5 frilled lizards
  5 kobolds
  2 rats
101 creatures vanquished.

Notes
Turn   | Place    | Note
-------+----------+-------------------------------------------
     0 | D:1      | Doomgape the Gargoyle Fighter began the quest for the Orb.
     0 | D:1      | Reached XP level 1. HP: 14/14 MP: 1/1
    95 | D:1      | Reached XP level 2. HP: 18/19 MP: 2/2
   768 | D:1      | Reached XP level 3. HP: 23/23 MP: 3/3
  1302 | D:2      | Reached XP level 4. HP: 29/29 MP: 4/4
  1747 | D:2      | Found a faded altar of an unknown god.
  1748 | D:2      | Noticed Jessica
  1844 | D:2      | Killed Jessica
  2278 | D:3      | Reached XP level 5. HP: 33/33 MP: 5/5
  2325 | D:3      | Identified the +0 leather armour "Aqecs" {Fly}
  2823 | D:4      | Found a shimmering altar of Xom.
  2844 | D:4      | Reached XP level 6. HP: 39/39 MP: 6/6
  2981 | D:4      | Noticed Pikel
  2996 | D:4      | Killed Pikel
  2997 | D:4      | Reached skill level 5 in Fighting
  2997 | D:4      | Reached skill level 5 in Armour
  2997 | D:4      | Reached skill level 5 in Shields
  2997 | D:4      | Reached XP level 7. HP: 32/44 MP: 7/7
  3106 | D:4      | Found a staircase to the Ecumenical Temple.
  3158 | Temple   | Entered the Ecumenical Temple
  3508 | D:4      | Reached XP level 8. HP: 51/51 MP: 8/8
  4032 | D:4      | Found a snail-covered altar of Cheibriados.
  4134 | D:4      | Identified the +1 leather armour "Plog" {rElec rN+ rCorr}
  4200 | D:4      | Found a glowing silver altar of Zin.
  4270 | D:4      | Found an opulent altar of Gozag.
  4381 | D:5      | Entered Level 5 of the Dungeon
  4390 | D:5      | Reached skill level 5 in Maces & Flails
  4435 | D:5      | Found a shadowy altar of Dithmenos.
  4507 | D:5      | Noticed Dowan
  4509 | D:5      | Noticed Duvessa
  4516 | D:5      | Killed Dowan
  4519 | D:5      | Slain by Duvessa

Illustrated notes

Levels and vault maps discovered:
D:1:      psy_arrival_wood_between_worlds, layout_basic,
          corexii_leaking_fountain
D:2:      layout_basic, nicolae_ecumenical_lake_church, minmay_octomino_c4,
          uniq_jessica
D:3:      layout_loops_corners
D:4:      layout_rooms, pdpol_temple_overflow_zin_treasury_gozag_greed,
          led_xom_imps, slow_altar_1, minmay_temple_entry_mini_moons,
          minmay_crossroads, uniq_pikel
D:5:      layout_rooms, mainiacjoe_overflow_brackets,
          grunt_dithmenos_smoke_and_mirrors, uniq_duvessa
Temple:   nicolae_temple_bog_church

Skill      XL: |  1  2  3  4  5  6  7  8 |
---------------+-------------------------+-----
Fighting       | 4 5 6 |  6.3
Armour         | 4 5 6 |  6.3
Shields        | 4 5 6 |  6.4
Maces & Flails | 3 4 5 |  5.2

Action                     |  1- 3 |  4- 6 |  7- 9 || total
---------------------------+-------+-------+-------++-------
  Melee: Flail             |    75 |   107 |   103 ||   285
    Use: Scroll            |     3 |       |     3 ||     6
 Armour: Scale mail        |    11 |       |       ||    11
         Plate armour      |    33 |    93 |    83 ||   209
  Dodge: Dodged            |    24 |    28 |    29 ||    81
  Block: Buckler           |    15 |    21 |    25 ||    61
